 Dungeon Crawl Stone Soup version 0.29-a0-1047-g7c58e119a4 (webtiles) character file.

Game seed: 9964338420340519303

2 Zeldest the Insei (level 1, 0/11 HPs)
             Began as a Vine Stalker Monk on Aug 16, 2022.
             Slain by a quokka (2 damage)
             ... on level 1 of the Dungeon.
             The game lasted 00:00:40 (153 turns).

Zeldest the Insei (Vine Stalker Monk)                Turns: 153, Time: 00:00:41

Health: 0/11       AC:  2    Str: 13    XL:     1   Next: 40%
Magic:  0/2        EV: 12    Int: 10    God:
Gold:   24         SH:  0    Dex: 16    Spells: 0/0 levels left

rFire   . . .      SeeInvis .     - Unarmed
rCold   . . .      Faith    .   (no shield)
rNeg    . . .      Spirit   +   a - +0 robe
rPois   .          Reflect  .   (no helmet)
rElec   .          Harm     .   (no cloak)
rCorr   .          Rampage  .   (no gloves)
Will    .....                   (no boots)
Stlth   ++........              (no amulet)
HPRegen 0.03/turn               (no ring)
MPRegen 0.08/turn               (no ring)

@: no status effects
A: fangs 2, magic shield, antimagic bite, no potion heal 2
a: no special abilities


You were on level 1 of the Dungeon.
You visited 1 branch of the dungeon, and saw 2 of its levels.

You collected 24 gold pieces.

Inventory:

Armour
 a - a +0 robe (worn)
Scrolls
 c - a scroll of butterflies {unknown}
 d - a scroll of blinking {unknown}
Potions
 b - a potion of ambrosia


   Skills:
 + Level 2.7 Fighting
 + Level 0.1 Armour
 + Level 2.4 Dodging
 - Level 2.4 Stealth
 * Level 3.0 Unarmed Combat


You couldn't memorise any spells.
You didn't know any spells.
Your spell library was empty.

Dungeon Overview and Level Annotations

Branches:
Dungeon (2/15)

Altars:


Innate Abilities, Weirdness & Mutations

You have extremely sharp teeth.
When hurt, damage is shared between your health and your magic reserves.
Your bite disrupts and absorbs the magic of your enemies.
Potions cannot restore your health.


Message History

You enter the shallow water.
Moving in this stuff is going to be slow.
A goblin comes into view. It is wielding a +0 dagger.
You closely miss the quokka. You hit the quokka but do no damage.
The goblin shouts!
The quokka misses you.
You barely miss the quokka. Your punch misses the quokka.
The quokka barely misses you.
The quokka bites you but does no damage.
You hit the quokka but do no damage. Your bite misses the quokka.
The quokka splashes around in the water.
You closely miss the quokka. Your bite misses the quokka.
The quokka splashes around in the water.
A giant cockroach comes into view.
You closely miss the quokka.
The quokka bites you but does no damage.
You closely miss the quokka. The quokka closely misses you.
The goblin closely misses you.
You barely miss the quokka. Your bite misses the quokka. The quokka bites you.
The goblin barely misses you.
You hit the quokka but do no damage. The quokka closely misses you.
The goblin barely misses you.
You hit the quokka.
The quokka is heavily wounded.
The quokka barely misses you. The goblin hits you but does no damage.
You hit the quokka but do no damage.
The quokka is heavily wounded.
The quokka bites you.
You barely miss the quokka. You punch the quokka, but do no damage.
The quokka is heavily wounded.
The quokka closely misses you. The goblin hits you with a +0 dagger.
* * * LOW HITPOINT WARNING * * *
The quokka splashes around in the water.
You hit the quokka. Your bite misses the quokka.
The quokka is severely wounded.
The goblin hits you with a +0 dagger.
* * * LOW HITPOINT WARNING * * *
The quokka bites you.
You die...

#≈### #..
≈≈≈###.# #≈≈##.#
##≈≈##.#
##.≈≈...# #
##~.≈≈...#.#####
#?.~~~~~>.......
#.~~~≈~..#(###.#
#..@r~.......
#.gB≈~...#.#.#
#..~~.~..#.# #
#...~.~..# .
...~~~...# ##
##...~~~..#
#...~~~..#
#.~.~≈....


You could see a quokka, a giant cockroach and a goblin.

Vanquished Creatures
  A giant cockroach (D:1)
  A quokka (D:1)
2 creatures vanquished.

Notes
Turn   | Place    | Note
-------+----------+-------------------------------------------
     0 | D:1      | Zeldest the Vine Stalker Monk began the quest for the Orb.
     0 | D:1      | Reached XP level 1. HP: 11/11 MP: 2/2
   153 | D:1      | Slain by a quokka

Illustrated notes

Levels and vault maps discovered:
D:1:      heliophobic_arrival_dark_side_of_the_moon, layout_basic,
          chequers_serial_rivers_small_3
D:2:      wad_crossroads, layout_basic, shapermc_ecumenical_altar_petra

Action                   || total
-------------------------++-------
Melee: Unarmed           ||    19
       Bite              ||     3
       Punch             ||     1
Armor: Robe              ||     4
Dodge: Dodged            ||    11

Table legend: (Time is in decaauts)
 A = Elapsed time spent in this place.
 B = Non-inter-level travel time spent in this place.
 C = Inter-level travel time spent in this place.
 D = Time resting spent in this place.
 E = Time spent auto-exploring this place.
 F = Levels seen in this place.
 G = Mean time per level.
                   A        B        C        D        E       F      G
               +--------+--------+--------+--------+--------+-----+--------+
         Total |    152 |    152 |      0 |      0 |      0 |   2 |   76.0 |
       Dungeon |    152 |    152 |      0 |      0 |      0 |   2 |   76.0 |
               +--------+--------+--------+--------+--------+-----+--------+

Top non-repeatable levels by time:
     D:1: 147 daAuts
     D:2: 4 daAuts
